 Dungeon Crawl Stone Soup version 0.31.0-11-ge490571c62 (webtiles) character file.

Game seed: 12572030804943291263

73 Arvy the Sneak (level 4, 0/38 HPs)
             Began as an Armataur Delver on Feb 9, 2024.
             Was an Initiate of Wu Jian.
             Slain by a bullfrog (7 damage)
             ... on level 4 of the Dungeon.
             The game lasted 00:03:38 (181 turns).

Arvy the Sneak (Armataur Delver)                     Turns: 181, Time: 00:03:39

Health: 0/38       AC:  5    Str: 19    XL:     4   Next: 8%
Magic:  4/4        EV:  9    Int: 10    God:    Wu Jian [......]
Gold:   16         SH:  0    Dex: 12    Spells: 3/3 levels left

rFire   . . .        a - +0 falchion
rCold   . . .        (no shield)
rNeg    . . .        b - +1 leather armour
rPois   .            (no helmet)
rElec   .            (no cloak)
rCorr   .            (no gloves)
SInv    .            (no barding)
Will    .....        (no amulet)
Stlth   +++          (no ring)
HPRegen 0.26/turn    (no ring)
MPRegen 0.09/turn

%: roll
@: hasted, very quick
A: large, deformed body, tough skin 3, armoured tail, roll 1
a: Renounce Religion


You were on level 4 of the Dungeon.
You worshipped Wu Jian.
Wu Jian was noncommittal.
You visited 2 branches of the dungeon, and saw 4 of its levels.

You collected 16 gold pieces.

Inventory:

Hand Weapons
 a - a +0 falchion (weapon)
Missiles
 h - a throwing net (quivered)
 i - 5 poisoned darts
Armour
 b - a +1 leather armour (worn)
Wands
 g - a wand of digging (3)
Scrolls
 c - a scroll of fog
 d - 2 scrolls of revelation


   Skills:
 + Level 3.1 Fighting
 + Level 2.0 Long Blades
 + Level 0.6 Armour
 + Level 1.5 Dodging
 + Level 6.6 Stealth


You had 3 spell levels left.
You didn't know any spells.
Your spell library was empty.

Dungeon Overview and Level Annotations

Branches:
Dungeon (6/15)             Temple (1/1) D:5

Altars:
Dithmenos
Elyvilon
Gozag
Makhleb
Ru
Sif Muna
Trog
Uskayaw
Vehumet
Wu Jian
Xom
Yredelemnul
Zin


Innate Abilities, Weirdness & Mutations

Armour fits poorly on your strangely shaped body.
You have extremely tough skin. (AC +3)
You have a long armoured tail.
You regenerate magic when rolling toward enemies. (Rampage MPRegen)


Message History

You barely miss the scorpion. You closely miss the scorpion.
The bullfrog releases a deep croak.
The scorpion stings you but does no damage.
The giant cockroach barely misses you. The scorpion barely misses you.
Okay, then.
You hit the scorpion. You tail-slap the scorpion.
The scorpion is heavily wounded.
The giant cockroach barely misses you. The scorpion barely misses you.
The giant cockroach closely misses you.
You hit the scorpion but do no damage. You tail-slap the scorpion.
The scorpion is severely wounded.
The scorpion completely misses you. The scorpion barely misses you.
You slash the scorpion!
You kill the scorpion!
The Council accepts your kill.
The bullfrog hits you but does no damage.
Your Fighting skill increases to level 3!
Your Long Blades skill increases to level 2!
You have reached level 3!
Your experience leads to an increase in your attributes!
Increase (S)trength, (I)ntelligence, or (D)exterity?
You feel stronger. x2
You have reached level 4!
You feel agile. The bullfrog hits you.
You see here a scorpion corpse.
You feel yourself speed up. The bullfrog completely misses you.
The bullfrog attacks as it pursues you! The bullfrog hits you.
You see here a +0 ring mail.
The bullfrog attacks as it pursues you! The bullfrog hits you.
The bullfrog attacks as it pursues you!
The bullfrog hits you but does no damage.
The bullfrog attacks as it pursues you! The bullfrog hits you.
The bullfrog attacks as it pursues you! The bullfrog closely misses you.
The bullfrog closely misses you. The bullfrog attacks as it pursues you!
The bullfrog hits you. The bullfrog attacks as it pursues you!
The bullfrog hits you.
* * * LOW HITPOINT WARNING * * *
The bullfrog attacks as it pursues you! The bullfrog hits you!
You die...

#####################
#......B....F@.......
#.###############....
#.# # #.# #B# #.#
####g#######
....[.......
####.#######


You could see a bullfrog and a giant cockroach.

Vanquished Creatures
  A scorpion (D:4)
  An adder (D:5)
  An orc (D:5)
  An endoplasm (D:4)
  A hobgoblin (D:4)
  A kobold (D:4)
6 creatures vanquished.

Notes
Turn   | Place    | Note
-------+----------+-------------------------------------------
     0 | D:5      | Arvy the Armataur Delver began the quest for the Orb.
     0 | D:5      | Reached XP level 1. HP: 18/18 MP: 1/1
     5 | D:5      | Found a staircase to the Ecumenical Temple.
     7 | D:6      | Noticed a scorpion
    15 | Temple   | Entered the Ecumenical Temple
    43 | Temple   | Became a worshipper of the Wu Jian Council
    76 | D:5      | Reached XP level 2. HP: 20/25 MP: 2/2
   125 | D:4      | Noticed a bullfrog
   131 | D:4      | Reached skill level 6 in Stealth
   152 | D:4      | Noticed a scorpion
   158 | D:4      | Killed a scorpion
   159 | D:4      | Reached XP level 3. HP: 21/31 MP: 3/3
   159 | D:4      | Reached XP level 4. HP: 25/38 MP: 4/4
   181 | D:4      | Slain by a bullfrog

Illustrated notes

Levels and vault maps discovered:
D:4:      layout_basic, mainiacjoe_overflow_24_doors, uniq_sigmund,
          uniq_menkaure
D:5:      layout_rooms, tso_metal_star, amethyst_overflow_temple_binary,
          lemuel_round_altar, temple_fountains, minmay_misc_feat_tower
D:6:      layout_cave_pods, overflow_temple_1_default, serial_shops,
          nicolae_shop_stone, kennysheep_nondescript, uniq_grinder
Temple:   oiseaux_autumnal_temple

Skill      XL: |  1  2 |
---------------+-------+-----
Stealth        | 6 |  6.6
Fighting       | 3 |  3.1
Long Blades    | 2 |  2.0
Armour         | |  0.6
Dodging        | |  1.5

Action                     |  1- 3 |  4- 6 || total
---------------------------+-------+-------++-------
  Melee: Falchion          |    19 |       ||    19
         Tailslap          |     4 |       ||     4
         Punch             |     1 |       ||     1
Ability: Lunge             |     6 |       ||     6
    Use: Scroll            |     2 |       ||     2
         Potion            |       |     1 ||     1
   Stab: Sleeping          |     1 |       ||     1
 Armour: Leather armour    |    21 |     8 ||    29
  Dodge: Dodged            |    18 |     3 ||    21
